 Dungeon Crawl Stone Soup version 0.26-a0-489-g112e8ad46e (webtiles) character file.

Game seed: 14214837769538262717

2970 MrRokkomies the Zephyrmancer (level 9, -7/52 HPs)
             Began as a Tengu Air Elementalist on Aug 3, 2020.
             Was an Elder of Kikubaaqudgha.
             Mangled by a cyan ugly thing (17 damage)
             ... on level 7 of the Dungeon.
             The game lasted 00:19:57 (11111 turns).

MrRokkomies the Zephyrmancer (TeAE)                Turns: 11111, Time: 00:20:00

Health: -7/52      AC:  4    Str:  9    XL:     9   Next: 82%
Magic:  6/16       EV: 19    Int: 24    God:    Kikubaaqudgha [****..]
Gold:   466        SH:  0    Dex: 15    Spells: 3/17 levels left

rFire    + . .     SeeInvis .   a - +2 spear (pain)
rCold    . . .     Faith    .   (no shield)
rNeg     . . .     Spirit   .   i - +2 robe {MR+}
rPois    .         Reflect  .   (helmet restricted)
rElec    .         Harm     .   (no cloak)
rCorr    .                      (no gloves)
MR       +....                  (boots unavailable)
Stlth    ++........             (no amulet)
HPRegen  0.17/turn              l - +6 ring of intelligence
MPRegen  0.15/turn              g - ring of protection from fire

@: flying quickly and evasively, lightly drained, quick
A: beak, talons 3, able to fly
a: Stop Flying, Receive Corpses, Renounce Religion


You were on level 7 of the Dungeon.
You worshipped Kikubaaqudgha.
Kikubaaqudgha was greatly pleased with you.
You visited 2 branches of the dungeon, and saw 8 of its levels.
You also visited: Sewer.

You collected 466 gold pieces.

Inventory:

Hand Weapons
 a - a +2 spear of pain (weapon)
 c - a +0 dagger
 d - a +0 spear
 o - a +0 rapier of venom
 t - a +2 trident
Missiles
 y - 21 poisoned darts (quivered)
Armour
 i - a +2 robe of magic resistance (worn)
Jewellery
 e - an uncursed ring of see invisible
 g - a ring of protection from fire (right hand)
 l - a +6 ring of intelligence (left hand)
 n - an uncursed ring of protection from fire
 r - an uncursed ring of ice
 G - an uncursed ring of wizardry
Wands
 p - a wand of iceblast (6)
 s - a wand of digging (4)
 B - a wand of paralysis (5)
Scrolls
 q - a scroll of fog
 v - 4 scrolls of enchant armour
 w - 2 scrolls of remove curse
 x - a scroll of magic mapping
 z - a scroll of teleportation
 C - a scroll of amnesia
 I - a scroll of identify
Potions
 b - 2 potions of cancellation
 f - a potion of haste
 h - 2 potions of brilliance
 j - a potion of magic {unknown}
 k - a potion of lignification {unknown}
 m - 5 potions of might
 u - 3 potions of degeneration {unknown}
 A - 7 potions of heal wounds
 D - 6 potions of curing
 E - a potion of stabbing {unknown}
 F - a potion of flight {unknown}
 H - a potion of resistance {unknown}


   Skills:
 + Level 4.5(4.3) Fighting
 + Level 6.5(6.3) Dodging
 - Level 2.0(1.8) Stealth
 * Level 4.6(4.5) Spellcasting
 - Level 8.0(7.8) Conjurations
 * Level 11.1(10.9) Air Magic


You had 3 spell levels left.
You knew the following spells:

 Your Spells              Type           Power        Failure   Level
a - Shock                 Conj/Air       ####         1%          1
b - Swiftness             Air            ######..     1%          2
c - Static Discharge      Conj/Air       ######..     1%          3
d - Airstrike             Air            ######....   1%          4
e - Animate Dead          Necr           #.........   67%         4

Your spell library contained the following spells:

 Spells                   Type           Power        Failure   Level
 Corpse Rot               Necr/Air       N/A          1%          2
 Pain                     Necr           #...         10%         1
 Sublimation of Blood     Necr           #.........   14%         2
 Vampiric Draining        Necr           #.........   28%         3
 Lightning Bolt           Conj/Air       ######....   5%          5
 Dispel Undead            Necr           #.......     67%         4
 Borgnjor's Vile Clutch   Necr/Erth      #.........   95%         5
 Excruciating Wounds      Necr           #.........   95%         5
 Death Channel            Necr           #.........   100%        6


Dungeon Overview and Level Annotations

Branches:
Dungeon (7/15)             Temple (1/1) D:5           Sewer (visited)

Altars:
Ashenzari
Cheibriados
Dithmenos
Elyvilon
Fedhas
Hepliaklqana
Kikubaaqudgha
Makhleb
Nemelex Xobeh
Okawaru
Qazlal
Ru
Sif Muna
Trog
Uskayaw
Vehumet
Wu Jian
Xom
Yredelemnul
Zin
The Shining One

Shops:
D:5 }   D:7 :


Innate Abilities, Weirdness & Mutations

You have a beak for a mouth.
You have claws for feet.
You can fly continuously.


Message History

You hit the cyan ugly thing.
The cyan ugly thing is severely wounded.
The helpless cyan ugly thing fails to defend itself.
You hit the cyan ugly thing. You claw the cyan ugly thing.
The cyan ugly thing is severely wounded.
The helpless cyan ugly thing fails to defend itself.
You hit the cyan ugly thing.
The cyan ugly thing is severely wounded.
The helpless cyan ugly thing fails to defend itself.
You hit the cyan ugly thing.
The cyan ugly thing is almost dead.
The helpless cyan ugly thing fails to defend itself.
You hit the cyan ugly thing. You peck the cyan ugly thing.
The cyan ugly thing is almost dead.
The cyan ugly thing is no longer paralysed.
The cyan ugly thing bites you!
* * * LOW HITPOINT WARNING * * *
The cyan ugly thing shocks you!
You die...
Kikubaaqudgha rasps: "You have failed me!
Welcome... death!"

### #...##.##.#
#...#(....# ##.
####...#..####
................#
.....####...##.#
.......######.#
#.#..#.######h#
#.#....#≈≈≈##u# ##
#......≈≈≈≈≈#@#
.#####......\≈≈#.#
<.........≈≈≈≈≈#.#
.###.......≈≈≈##.#
.# #.##..##.####.#
## #.##...#.# #.#
####.#.#.# #.#
#.....# #.#
###.[## #.#


You could see a cyan ugly thing and a hound.

Vanquished Creatures
  Pikel (D:6)
  An orc warrior (D:6)
  A sky beast (D:6)
  A phantom (D:4)
  2 ogres
  2 centaurs
  2 lemures (D:6)
  2 big kobolds (Sewer)
  2 bullfrogs
  A scorpion (D:7)
  A howler monkey (D:4)
  9 wights (D:6)
  4 hounds
  A bullfrog skeleton (D:7)
  3 orc priests (D:4)
  8 orc wizards
  3 iguanas
  Ijyb (D:4)
  5 worker ants
  Natasha (thrice) (D:3)
  A howler monkey zombie (D:6)
  12 adders
  15 river rats
  2 ufetubi
  2 adder skeletons
  2 dart slugs
  2 worms
  7 leopard geckos
  24 orcs
  9 giant cockroaches
  9 goblins
  10 hobgoblins
  5 jackals
  10 quokkas
  4 ball pythons (Sewer)
  A ball python skeleton (D:5)
  5 bats
  6 frilled lizards
  2 jackal skeletons (D:2)
  17 kobolds
  3 leopard gecko skeletons
  A quokka skeleton (D:4)
  37 rats
239 creatures vanquished.

Notes
Turn   | Place    | Note
-------+----------+-------------------------------------------
     0 | D:1      | MrRokkomies the Tengu Air Elementalist began the quest for
                  | the Orb.
     0 | D:1      | Reached XP level 1. HP: 10/10 MP: 4/4
   155 | D:1      | Reached XP level 2. HP: 15/15 MP: 6/6
   476 | D:1      | Reached XP level 3. HP: 16/19 MP: 7/7
   942 | D:1      | Learned a level 2 spell: Swiftness
   946 | D:1      | Learned a level 3 spell: Static Discharge
  1225 | D:2      | Reached skill level 5 in Air Magic
  1459 | D:2      | Reached XP level 4. HP: 21/24 MP: 4/8
  2473 | D:3      | Gained mutation: You can fly continuously. [Tengu growth]
  2473 | D:3      | Reached XP level 5. HP: 17/28 MP: 9/9
  2698 | D:3      | Noticed Natasha
  2708 | D:3      | Killed Natasha
  2964 | D:3      | Noticed Natasha
  2969 | D:3      | Killed Natasha
  2969 | D:3      | Reached skill level 6 in Air Magic
  3099 | D:4      | Noticed a phantom
  3135 | D:4      | Reached skill level 5 in Conjurations
  3135 | D:4      | Reached XP level 6. HP: 24/32 MP: 10/10
  3253 | D:4      | Noticed Ijyb
  3270 | D:4      | Killed Ijyb
  3479 | D:3      | Noticed Natasha
  3497 | D:3      | Killed Natasha
  3497 | D:3      | Reached skill level 7 in Air Magic
  3772 | D:4      | Reached XP level 7. HP: 22/36 MP: 11/11
  4447 | D:4      | Reached skill level 1 in Fighting
  5532 | D:5      | Entered Level 5 of the Dungeon
  5579 | D:5      | Learned a level 4 spell: Airstrike
  5598 | D:5      | Found Tiroih's Gadget Shoppe.
  5897 | D:5      | Found a staircase to the Ecumenical Temple.
  5906 | Temple   | Entered the Ecumenical Temple
  5969 | Temple   | Became a worshipper of Kikubaaqudgha
  5998 | D:5      | Reached skill level 8 in Air Magic
  6083 | D:5      | Found a shattered altar of Ashenzari.
  6156 | D:5      | Reached XP level 8. HP: 40/44 MP: 12/12
  6587 | D:5      | Reached * piety under Kikubaaqudgha
  6587 | D:5      | Identified Kikubaaqudgha's Volume of Unholy Rites
                  | (Kikubaaqudgha gifted it to you on level 5 of the Dungeon)
  6587 | D:5      | Received a gift from Kikubaaqudgha
  7398 | D:6      | Found a glowing drain.
  7517 | D:6      | Reached ** piety under Kikubaaqudgha
  7517 | D:6      | Reached skill level 5 in Dodging
  7526 | Sewer    | Entered a sewer
  7813 | Sewer    | Reached skill level 9 in Air Magic
  8109 | Sewer    | Reached *** piety under Kikubaaqudgha
  8109 | Sewer    | Identified Kikubaaqudgha's Grimoire of Evil (Kikubaaqudgha
                  | gifted it to you in a sewer)
  8109 | Sewer    | Received a gift from Kikubaaqudgha
  8778 | D:6      | Noticed Pikel
  8793 | D:6      | Killed Pikel
  8793 | D:6      | Reached skill level 10 in Air Magic
  8793 | D:6      | Reached XP level 9. HP: 47/52 MP: 0/14
  9752 | D:6      | Reached **** piety under Kikubaaqudgha
 10403 | D:6      | Learned a level 4 spell: Animate Dead
 10462 | D:7      | Reached skill level 11 in Air Magic
 10485 | D:7      | Found Giozill's Book Emporium.
 11061 | D:7      | Noticed a cyan ugly thing
 11111 | D:7      | Mangled by a cyan ugly thing

Illustrated notes

Levels and vault maps discovered:
D:1:      dpeg_arrival_tiny_a, layout_basic, corexii_corridor_pit,
          corexii_hall_statues_deadend
D:2:      layout_rooms, serial_undead, serial_undead_f, serial_undead_a,
          serial_undead_e, serial_undead_d, serial_undead_a, serial_undead_f
D:3:      layout_basic, uniq_natasha
D:4:      layout_cave_pools, uniq_ijyb
D:5:      lemuel_ratsnest, layout_gridville, minmay_temple_entry_ruins,
          basic_altar, serial_shops, nicolae_shop_crystal
D:6:      layout_loops_cross, gup_sewer_entry_glass, uniq_pikel
D:7:      kennysheep_six_static_rooms, layout_basic, serial_shops,
          nicolae_shop_waterfront, kennysheep_mini_moat, lightli_church_of_beogh
Temple:   compressed_dpeg_circular_temple

Skill      XL: |  1  2  3  4  5  6  7  8  9 |
---------------+----------------------------+-----
Conjurations   | 2 3 5 7 8 |  8.0
Air Magic      | 5 6 7 8 10 11 | 11.1
Dodging        | 3 4 5 6 |  6.5
Fighting       | 1 3 4 |  4.5
Spellcasting   | 3 4 |  4.6
Stealth        | |  2.0

Action                   |  1- 3 |  4- 6 |  7- 9 || total
-------------------------+-------+-------+-------++-------
Melee: Unarmed           |     7 |       |       ||     7
       Kick              |    19 |    26 |    85 ||   130
       Dagger            |    29 |       |       ||    29
       Peck              |     6 |    20 |    42 ||    68
       Spear             |    72 |   123 |   381 ||   576
       Trident           |       |       |    16 ||    16
       Rapier            |       |       |     5 ||     5
Throw: Dart              |       |       |     4 ||     4
 Cast: Shock             |    17 |    22 |   123 ||   162
       Static Discharge  |       |     1 |    21 ||    22
       Swiftness         |       |       |     2 ||     2
       Airstrike         |       |       |     4 ||     4
Invok: Receive Corpses   |       |       |     1 ||     1
 Abil: Fly               |       |       |     1 ||     1
Evoke: Wand              |       |       |     4 ||     4
  Use: Scroll            |     5 |     6 |     5 ||    16
       Potion            |       |     1 |       ||     1
 Stab: Sleeping          |     9 |     5 |    10 ||    24
       Distracted        |       |       |     1 ||     1
       Paralysed         |       |       |    15 ||    15
Armor: Robe              |    25 |    20 |    45 ||    90
Dodge: Dodged            |    55 |    84 |   346 ||   485

Table legend: (Time is in decaauts)
 A = Elapsed time spent in this place.
 B = Non-inter-level travel time spent in this place.
 C = Inter-level travel time spent in this place.
 D = Time resting spent in this place.
 E = Time spent auto-exploring this place.
 F = Levels seen in this place.
 G = Mean time per level.
                   A        B        C        D        E       F      G
               +--------+--------+--------+--------+--------+-----+--------+
         Total |  11058 |  10740 |    318 |   3384 |   5615 |   9 | 1228.7 |
       Dungeon |   9983 |   9679 |    304 |   3159 |   5012 |   7 | 1426.1 |
        Temple |     77 |     63 |     14 |      0 |     55 |   1 |   77.0 |
         Sewer |    997 |    997 |      0 |    225 |    548 |   1 |  997.0 |
               +--------+--------+--------+--------+--------+-----+--------+

Top non-repeatable levels by time:
     D:3: 2326 daAuts
     D:6: 2014 daAuts
     D:5: 1764 daAuts
     D:4: 1210 daAuts
     D:2: 1047 daAuts
   Sewer: 997 daAuts
     D:1: 966 daAuts
     D:7: 654 daAuts
  Temple: 77 daAuts
